 Dungeon Crawl Stone Soup version 0.27.1-34-g3ba077fa99 (webtiles) character file.

Game seed: 12579228984700574309

385 AuftragZ the Conjurer (level 6, -10/45 HPs)
             Began as a Draconian Conjurer on Jan 25, 2022.
             Was a Follower of Wu Jian.
             Killed by divine providence
             ... invoked by an orc priest
              (12 damage)
             ... on level 4 of the Dungeon.
             The game lasted 00:16:35 (3244 turns).

AuftragZ the Conjurer (Draconian Conjurer)          Turns: 3244, Time: 00:16:36

Health: -10/45     AC:  6    Str:  9    XL:     6   Next: 48%
Magic:  9/12       EV: 12    Int: 21    God:    Wu Jian [*.....]
Gold:   15         SH:  0    Dex: 15    Spells: 7/13 levels left

rFire    . . .     SeeInvis .   k - +1 flail (holy)
rCold    + . .     Faith    .   (no shield)
rNeg     . . .     Spirit   .   (armour unavailable)
rPois    .         Reflect  .   (helmet restricted)
rElec    .         Harm     .   (no cloak)
rCorr    .         Rampage  .   (no gloves)
Will     .....                  (no boots)
Stlth    ++........             (no amulet)
HPRegen  0.15/turn              d - +6 ring of dexterity
MPRegen  0.13/turn              j - ring of protection from cold

@: no status effects
A: AC +6, unfitting armour, cold-blooded
a: Renounce Religion


You were on level 4 of the Dungeon.
You worshipped Wu Jian.
Wu Jian was aware of your devotion.
You visited 1 branch of the dungeon, and saw 3 of its levels.

You collected 111 gold pieces.
You spent 96 gold pieces at shops.

Inventory:

Hand Weapons
 k - a +1 flail of holy wrath (weapon)
Missiles
 f - 14 poisoned darts (quivered)
Jewellery
 d - a +6 ring of dexterity (left hand)
 j - a ring of protection from cold (right hand)
Wands
 c - a wand of paralysis (6)
Scrolls
 a - 2 scrolls of fog
 b - 2 scrolls of magic mapping
 e - a scroll of fear
 g - a scroll of summoning
 i - a scroll of enchant weapon {unknown}
 o - a scroll of enchant armour {unknown}


   Skills:
 + Level 1.3 Throwing
 + Level 2.3 Dodging
 - Level 2.2 Stealth
 - Level 0.8 Unarmed Combat
 * Level 4.0 Spellcasting
 * Level 6.0 Conjurations


You had 7 spell levels left.
You knew the following spells:

 Your Spells              Type           Power      Damage    Failure   Level
a - Magic Dart            Conj           100%       1d8       1%          1
b - Searing Ray           Conj           58%        3d5       1%          2
c - Conjure Flame         Conj/Fire      16%        6-21      11%         3

Your spell library contained the following spells:

 Spells                   Type           Power      Damage    Failure   Level
 Foxfire                  Conj/Fire      64%        2x1d7     3%          1
 Dazzling Flash           Conj/Hex       32%        N/A       11%         3
 Stone Arrow              Conj/Erth      32%        3d9       11%         3
 Passwall                 Tmut/Erth      3%         N/A       19%         2
 Inner Flame              Hex/Fire       4%         N/A       34%         3
 Ozocubu's Armour         Ice            4%         N/A       34%         3
 Swiftness                Air            4%         N/A       34%         3
 Fulminant Prism          Conj/Hex       8%         3d7       34%         4
 Iskenderun's Mystic Bla  Conj/Tloc      16%        2d5       34%         4
 Metabolic Englaciation   Hex/Ice        2%         N/A       97%         5
 Invisibility             Hex            2%         N/A       100%        6
 Simulacrum               Ice/Necr       2%         N/A       100%        6
 Lehudib's Crystal Spear  Conj/Erth      8%         10d3      100%        8
 Animate Armour           Summ/Erth      Unusable   N/A       N/A         4

Dungeon Overview and Level Annotations

Branches:
Dungeon (2/15)

Altars:
Wu Jian

Shops:
D:4 ?

Annotations:
D:4 1 transporter


Innate Abilities, Weirdness & Mutations

Your plain brown scales are hard. (AC +6)
You cannot fit into any form of body armour.
You are cold-blooded and may be slowed by cold attacks.


Message History

You barely resist.
The orc priest calls down the wrath of Beogh upon you.
Pain shoots through your body!
The orc priest casts a cantrip, but nothing happens.
Your magical contamination has completely faded away.
There is an open door here.
The shadow imp gestures at you. Pain shoots through your body!
The shadow imp gestures at you.
You barely resist. What are your orders? t - Shout!
Orders for allies: a - Attack new target. r - Retreat! s - Stop attacking. g - Guard the area. f - Follow me.
Anything else - Cancel.
Okay, then.
Okay, then.
You feel better. The shadow imp gestures at you. Pain shoots through your body!
The shadow imp laughs crazily.
There is an open door here.
You enter the shallow water.
Moving in this stuff is going to be slow.
The shadow imp grinds its teeth.
The orc priest mumbles some strange prayers to Beogh against you.
Beogh smites you! The shadow imp gestures at you.
You barely resist.
There is a fountain of clear blue water here.
You enter the shallow water.
Moving in this stuff is going to be slow.
The orc priest calls down the wrath of Beogh upon you.
Pain shoots through your body!
* * * LOW HITPOINT WARNING * * *
You open the door.
The orc priest mumbles some strange prayers to Beogh against you.
Beogh smites you!
You die...

..##..>..#.##########).....#.....
..##.)..##.# #............
........#..##########......#..#8#
..##....#.....................###
.###..).....###############.....#
..####.##.#.#8≈#55.o...#P8#.#.#.#
..# ##....#.#P.#≈≈≈≈≈≈≈#.P#(#.#.#
..###....#..#$.#..≈≈≈..#..#......
...........©#©('@.≈⌠≈..'.©#©..#..
...##.......#$.#..≈≈≈..#..#......
............#P.#≈≈≈≈≈≈≈#.P#......
............#8≈#o.5....#P8#.....#
............###############.....#
..###..........................##
..##............##.#######.....##
..##.#.............# ####........
#....#.............###......>....


You could see 2 orc priests and 3 shadow imps.

Vanquished Creatures
  2 necrophages (D:4)
  A phantom (D:4)
  A wyvern zombie (D:4)
  An adder (D:4)
  A dart slug (D:1)
  7 orcs (D:4)
  4 ball pythons
  4 bats
  5 endoplasms
  6 goblins
  5 hobgoblins
  A quokka (D:2)
  2 frilled lizards (D:1)
  8 kobolds
  20 rats
68 creatures vanquished.

Notes
Turn   | Place    | Note
-------+----------+-------------------------------------------
     0 | D:1      | AuftragZ the Draconian Conjurer began the quest for the
                  | Orb.
     0 | D:1      | Reached XP level 1. HP: 14/14 MP: 3/3
   294 | D:1      | Reached XP level 2. HP: 20/20 MP: 1/5
   362 | D:1      | Learned a level 2 spell: Searing Ray
  1456 | D:2      | Reached XP level 3. HP: 26/26 MP: 4/6
  1499 | D:2      | Learned a level 3 spell: Conjure Flame
  1876 | D:2      | Found a faded altar of an unknown god.
  1907 | D:2      | Became a worshipper of the Wu Jian Council
  1907 | D:2      | Reached * piety under Wu Jian
  1965 | D:2      | You fall into a shaft and drop 2 floors!
  2026 | D:4      | Noticed a necrophage
  2038 | D:4      | Noticed a necrophage
  2060 | D:4      | Killed a necrophage
  2061 | D:4      | Reached skill level 5 in Conjurations
  2061 | D:4      | Reached XP level 4. HP: 27/33 MP: 0/8
  2137 | D:4      | Killed a necrophage
  2138 | D:4      | Reached skill level 1 in Throwing
  2138 | D:4      | Reached XP level 5. HP: 38/38 MP: 2/10
  2428 | D:4      | Found a transporter.
  2442 | D:4      | Found a transporter.
  2491 | D:4      | Noticed a phantom
  2502 | D:4      | Killed a phantom
  2503 | D:4      | Reached XP level 6. HP: 45/45 MP: 0/11
  2824 | D:4      | Found Wobuilikh's Magic Scroll Emporium.
  2834 | D:4      | Bought a scroll of identify for 24 gold pieces
  2834 | D:4      | Bought a scroll of identify for 24 gold pieces
  2834 | D:4      | Bought a scroll of identify for 24 gold pieces
  2834 | D:4      | Bought a scroll of identify for 24 gold pieces
  2900 | D:4      | Reached skill level 6 in Conjurations
  3241 | D:4      | HP: 2/45 [orc priest/nerve-wracking pain (14)]
  3244 | D:4      | Killed from afar by an orc priest

Illustrated notes

Levels and vault maps discovered:
D:1:      dpeg_chamrin_arrival_tetris, layout_basic, minmay_tall_x
D:2:      layout_loops_ring, basic_altar, shapermc_ecumenical_altar_notcrosses,
          minmay_rat_hole
D:4:      gammafunk_wand_slinger, layout_rooms, serial_corexii_hall,
          corexii_hall_statues_l, corexii_hall_statues_x, serial_shops,
          shop_scrolls, minivault_27

Skill      XL: |  1  2  3  4  5  6 |
---------------+-------------------+-----
Stealth        | 2 |  2.2
Dodging        | 2 |  2.3
Conjurations   | 5 6 |  6.0
Throwing       | 1 |  1.3
Spellcasting   | 3 4 |  4.0
Unarmed Combat | |  0.8

Action                   |  1- 3 |  4- 6 || total
-------------------------+-------+-------++-------
Melee: Unarmed           |    43 |       ||    43
       Tailslap          |     8 |       ||     8
       Flail             |       |     1 ||     1
Throw: Dart              |    12 |       ||    12
 Cast: Magic Dart        |    62 |    27 ||    89
       Searing Ray       |    10 |    12 ||    22
       Conjure Flame     |       |     1 ||     1
Invok: Whirlwind         |     2 |       ||     2
  Use: Scroll            |       |     8 ||     8
       Potion            |       |     1 ||     1
Armor: Skin              |    15 |     3 ||    18
Dodge: Dodged            |    27 |     6 ||    33
